 Dungeon Crawl Stone Soup version 0.28-a0-1227-ga9037bb4c8 (webtiles) character file.

Game seed: 12216513248532978681

7 cameronsadist the Vexing (level 1, -1/14 HPs)
             Began as a Demigod Wanderer on Dec 22, 2021.
             Slain by a kobold (2 damage)
             ... on level 1 of the Dungeon.
             The game lasted 00:02:40 (453 turns).

cameronsadist the Vexing (Demigod Wanderer)          Turns: 453, Time: 00:02:41

Health: -1/14      AC:  3    Str: 15    XL:     1   Next: 73%
Magic:  4/4        EV: 11    Int: 13    God:
Gold:   12         SH:  0    Dex: 12    Spells: 1/2 levels left

rFire   . . .      SeeInvis .   e - +0 dagger
rCold   . . .      Faith    .   (no shield)
rNeg    . . .      Spirit   .   d - +0 leather armour
rPois   .          Reflect  .   (no helmet)
rElec   .          Harm     .   (no cloak)
rCorr   .          Rampage  .   (no gloves)
Will    .....                   (no boots)
Stlth   +.........              (no amulet)
HPRegen 0.04/turn               (no ring)
MPRegen 0.09/turn               (no ring)

@: no status effects
A: high mp 1, forlorn, divine attributes
a: no special abilities


You were on level 1 of the Dungeon.
You visited 1 branch of the dungeon, and saw 1 of its levels.

You collected 12 gold pieces.

Inventory:

Hand Weapons
 a - a +0 shortbow
 e - a +0 dagger (weapon)
Missiles
 b - 27 arrows
Armour
 d - a +0 leather armour (worn)
Wands
 c - a wand of polymorph (7)
Scrolls
 f - a scroll of identify {unknown}


   Skills:
 + Level 2.0 Bows
 + Level 1.8 Dodging
 - Level 1.0 Spellcasting
 + Level 3.9 Hexes
 - Level 1.0 Evocations


You had one spell level left.
You knew the following spells:

 Your Spells              Type           Power      Damage    Failure   Level
a - Slow                  Hex            40%        N/A       7%          1

Your spell library contained the following spells:

 Spells                   Type           Power      Damage    Failure   Level
 Tukima's Dance           Hex            10%        N/A       21%         3
 Fulminant Prism          Conj/Hex       2%         3d6       83%         4


Dungeon Overview and Level Annotations

Branches:
Dungeon (1/15)


Innate Abilities, Weirdness & Mutations

You have an increased reservoir of magic. (+10% MP)
You shall have no god before yourself.
Your divine heritage dramatically boosts your attributes as you level up.


Message History

You hit the giant cockroach but do no damage.
The giant cockroach closely misses you.
You hit the giant cockroach but do no damage.
The giant cockroach misses you.
You closely miss the giant cockroach. The giant cockroach closely misses you.
You barely miss the giant cockroach. The giant cockroach bites you. x2
You closely miss the giant cockroach. The kobold hits you but does no damage.
The giant cockroach barely misses you.
You hit the giant cockroach.
The giant cockroach is lightly wounded.
The kobold closely misses you. The giant cockroach bites you.
You hit the giant cockroach.
The giant cockroach is moderately wounded.
The kobold hits you with a +0 whip.
The giant cockroach waves its antennae.
The giant cockroach bites you.
* * * LOW HITPOINT WARNING * * *
You hit the giant cockroach.
The giant cockroach is severely wounded.
The giant cockroach bites you but does no damage.
The kobold hits you with a +0 whip.
* * * LOW HITPOINT WARNING * * *
You closely miss the giant cockroach.
The giant cockroach is severely wounded.
The giant cockroach closely misses you. The kobold barely misses you.
The giant cockroach closely misses you.
You closely miss the giant cockroach.
The giant cockroach is severely wounded.
The kobold hits you with a +0 whip.
* * * LOW HITPOINT WARNING * * *
The giant cockroach closely misses you.
You barely miss the giant cockroach.
The giant cockroach is severely wounded.
The kobold hits you with a +0 whip.
* * * LOW HITPOINT WARNING * * *
The giant cockroach closely misses you.
You hit the giant cockroach.
You kill the giant cockroach!
The kobold hits you with a +0 whip.
You die...

##..#
#...........#
....#
#...........#
#..##
##..........#
...#
#.###[.....#
.#.#
#..........#
...#
#..........#
...#
#.###..###.#
##..
..._....K...#
#..
...#.....@..#
### .
#........#
#....##...#
....... ...#
######## #..#
.## ##


You could see a kobold.

Vanquished Creatures
  2 ball pythons (D:1)
  An endoplasm (D:1)
  A giant cockroach (D:1)
  A goblin (D:1)
  A frilled lizard (D:1)
  2 rats (D:1)
8 creatures vanquished.

Notes
Turn   | Place    | Note
-------+----------+-------------------------------------------
     0 | D:1      | cameronsadist the Demigod Wanderer began the quest for the
                  | Orb.
     0 | D:1      | cameronsadist set off with the following items: a +0
                  | shortbow, 29 arrows, a wand of polymorph (7), a +0 leather
                  | armour; and the following spell memorised: Slow; and the
                  | following spells available to memorise: Tukima's Dance,
                  | Fulminant Prism
     0 | D:1      | Reached XP level 1. HP: 14/14 MP: 4/4
   453 | D:1      | Slain by a kobold

Illustrated notes

Levels and vault maps discovered:
D:1:      dpeg_arrival_oval, layout_rooms, hellmonk_ecumenical_altar_lost_god

Skill      XL: |  1 |
---------------+----+-----
Bows           | 2 |  2.0
Dodging        | |  1.8
Spellcasting   | |  1.0
Hexes          | |  3.9
Evocations     | |  1.0

Action                   || total
-------------------------++-------
Melee: Dagger            ||    26
 Fire: Shortbow          ||     7
 Cast: Slow              ||     2
Armor: Leather armour    ||     7
Dodge: Dodged            ||    24

Table legend: (Time is in decaauts)
 A = Elapsed time spent in this place.
 B = Non-inter-level travel time spent in this place.
 C = Inter-level travel time spent in this place.
 D = Time resting spent in this place.
 E = Time spent auto-exploring this place.
 F = Levels seen in this place.
 G = Mean time per level.
                   A        B        C        D        E       F      G
               +--------+--------+--------+--------+--------+-----+--------+
         Total |    452 |    278 |    174 |    191 |      0 |   1 |  452.0 |
       Dungeon |    452 |    278 |    174 |    191 |      0 |   1 |  452.0 |
               +--------+--------+--------+--------+--------+-----+--------+

Top non-repeatable levels by time:
     D:1: 452 daAuts
